 Dungeon Crawl Stone Soup version 0.31-a0-801-gc67433417a (webtiles) character file.

Game seed: 18334935431825301018

29 Ivernyr the Slasher (level 3, -1/18 HPs)
             Began as a Vine Stalker Gladiator on Sept 20, 2023.
             Slain by a gnoll
             ... wielding a +0 halberd
              (3 damage)
             ... on level 2 of the Dungeon.
             The game lasted 00:01:01 (723 turns).

Ivernyr the Slasher (Vine Stalker Gladiator)         Turns: 723, Time: 00:01:02

Health: -1/18      AC:  4    Str: 16    XL:     3   Next: 16%
Magic:  0/4        EV:  3    Int:  8    God:
Gold:   87         SH:  0    Dex: 17    Spells: 2/2 levels left

rFire   . . .        a - +0 long sword
rCold   . . .        (no shield)
rNeg    . . .        b - +0 leather armour
rPois   .            c - +0 helmet
rElec   .            (no cloak)
rCorr   .            (no gloves)
SInv    .            (no boots)
Will    .....        (no amulet)
Stlth   +            (no ring)
HPRegen 1.03/turn    (no ring)
MPRegen 0.09/turn

%: guardian spirit
@: held, constricted
A: fangs 2, regeneration 1, magic shield, antimagic bite, no potion heal 2
a: no special abilities


You were on level 2 of the Dungeon.
You visited 1 branch of the dungeon, and saw 2 of its levels.

You collected 87 gold pieces.

Inventory:

Hand Weapons
 a - a +0 long sword (weapon)
Missiles
 d - 3 throwing nets (quivered)
 e - a javelin
Armour
 b - a +0 leather armour (worn)
 c - a +0 helmet (worn)
Scrolls
 h - a scroll of noise {unknown}
 k - a scroll of teleportation {unknown}
 m - a scroll of identify {unknown}
 n - a scroll of revelation {unknown}
Potions
 f - a potion of cancellation {unknown}
 g - a potion of mutation {unknown}
 i - 2 potions of lignification {unknown}
 j - a potion of might {unknown}
 l - a potion of magic {unknown}


   Skills:
 + Level 2.1 Fighting
 * Level 3.2 Long Blades
 - Level 1.7 Throwing
 + Level 0.7 Armour
 + Level 2.6 Dodging


You had 2 spell levels left.
You didn't know any spells.
Your spell library contained the following spells:

 Spells                   Type           Power      Damage    Failure   Level
 Sting                    Tmut/Pois      0%         1d3       47%         1
 Poisonous Vapours        Pois/Air       0%         N/A       63%         2
 Olgreb's Toxic Radiance  Pois           0%         N/A       99%         4


Dungeon Overview and Level Annotations

Branches:
Dungeon (2/15)

Altars:

Annotations:
D:2 Natasha


Innate Abilities, Weirdness & Mutations

You have extremely sharp teeth.
Your natural rate of healing is unusually fast.
When hurt, damage is shared between your health and your magic reserves.
Your bite disrupts and absorbs the magic of your enemies.
Potions cannot restore your health.


Message History

A gnoll is nearby!
The gnoll shouts!
You hear a shout! x2
A ball python comes into view.
A gnoll comes into view. It is wielding a +0 halberd.
A gnoll comes into view. It is wielding a +0 whip.
A gnoll comes into view. It is wielding a +0 spear.
The gnoll shouts! x2
You hit the gnoll but do no damage. You bite the gnoll. You drain its power.
The gnoll is moderately wounded.
The gnoll hits you with a +0 whip!
You hit the gnoll.
The gnoll is heavily wounded.
The gnoll hits you with a +0 whip.
Natasha, Servant of Life and Death comes into view.
Natasha hisses angrily.
You hit the gnoll. Your bite misses the gnoll.
The gnoll is heavily wounded.
The gnoll barely misses you.
A gnoll comes into view. It is wielding a +0 halberd.
A rat comes into view.
The gnoll hits you with a +0 whip.
A ball python comes into view.
The ball python hisses angrily.
The gnoll shouts!
You hear a shout!
The gnoll attacks as it pursues you! The gnoll hits you with a +0 whip.
The gnoll throws a throwing net.
The throwing net hits you.
You become entangled in the net!
You see here a throwing net.
You struggle against the net.
The ball python bites you but does no damage.
The ball python grabs you. The ball python constricts you.
The gnoll hits you but does no damage.
You tear a large gash into the net.
The ball python barely misses you. The ball python constricts you.
Natasha casts a spell.
The gnoll hits you but does no damage.
The ball python bites you but does no damage.
The ball python constricts you. The gnoll hits you with a +0 whip!
* * * LOW HITPOINT WARNING * * *
The gnoll hits you from afar with a +0 halberd.
You die...

...............
.................
.................
#...........g..r
#............5..
#..........h....
#....?.(gg.#S...
#.......g...#
#......S@g#.#
##.........# #
#......$...# .##
...........##..#.
.#.#.#.#.#.#.....#.
.........<..###....
##.#.#.#.#.#.......
#........|...####
##.#.#.#.#.#...#


You could see Natasha, 5 gnolls, a cerulean imp (summoned), 2 ball pythons and a
rat (wandering).

Vanquished Creatures
  An adder (D:2)
  3 endoplasms
  3 goblins (D:1)
  4 jackals (D:1)
  2 quokkas (D:1)
  2 ball pythons (D:1)
  A frilled lizard (D:1)
  A kobold (D:1)
  2 rats
19 creatures vanquished.

Notes
Turn   | Place    | Note
-------+----------+-------------------------------------------
     0 | D:1      | Ivernyr the Vine Stalker Gladiator began the quest for the
                  | Orb.
     0 | D:1      | Reached XP level 1. HP: 11/11 MP: 2/2
   125 | D:1      | Reached XP level 2. HP: 15/15 MP: 3/3
   314 | D:1      | Reached skill level 3 in Long Blades
   685 | D:2      | Reached XP level 3. HP: 15/18 MP: 2/4
   719 | D:2      | Noticed Natasha
   723 | D:2      | Slain by a gnoll

Illustrated notes

Levels and vault maps discovered:
D:1:      nzn_arrival_crosshair, layout_loops_ring
D:2:      layout_rooms, st_stairs_10, nrook_uturn, kennysheep_nub, uniq_natasha

Skill      XL: |  1  2 |
---------------+-------+-----
Long Blades    | 3 |  3.2
Fighting       | 2 |  2.1
Throwing       | |  1.7
Armour         | |  0.7
Dodging        | |  2.6

Action                     || total
---------------------------++-------
  Melee: Long sword        ||    53
         Bite              ||    12
 Armour: Leather armour    ||    31
  Dodge: Dodged            ||    35

Table legend: (Time is in decaauts)
 A = Elapsed time spent in this place.
 B = Non-inter-level travel time spent in this place.
 C = Inter-level travel time spent in this place.
 D = Time resting spent in this place.
 E = Time spent auto-exploring this place.
 F = Levels seen in this place.
 G = Mean time per level.
                   A        B        C        D        E       F      G
               +--------+--------+--------+--------+--------+-----+--------+
         Total |    735 |    707 |     28 |      0 |    566 |   2 |  367.5 |
       Dungeon |    735 |    707 |     28 |      0 |    566 |   2 |  367.5 |
               +--------+--------+--------+--------+--------+-----+--------+

Top non-repeatable levels by time:
     D:1: 686 daAuts
     D:2: 49 daAuts
